 Dungeon Crawl Stone Soup version 0.22.1-1-ga44c0e5 (webtiles) character file.

2702 topirishpotato the Cleaver (level 9, -13/81 HPs)
             Began as a Deep Dwarf Fighter on Oct 2, 2018.
             Killed from afar by Harold (15 damage)
             ... with a wand of acid (4)
             ... on level 7 of the Dungeon.
             The game lasted 00:10:58 (5550 turns).

topirishpotato the Cleaver (Deep Dwarf Fighter)     Turns: 5550, Time: 00:10:59

Health: -13/81     AC:  5    Str: 19    XL:     9   Next: 38%
Magic:  1/1        EV:  6    Int: 10    God:
Gold:   171        SH: 21    Dex: 15    Spells: 8/8 levels left

rFire    + . .     SeeInvis .   t - +1 hand axe (freeze)
rCold    . . .     Gourm    .   A - +2 large shield
rNeg     . . .     Faith    .   b - +0 scale mail
rPois    .         Spirit   .   (no helmet)
rElec    .         Reflect  +   r - +0 cloak
rCorr    .         Harm     .   (no gloves)
MR       +....                  (no boots)
Stlth    ..........             p - +4 amulet of reflection
HPRegen  0.00/turn              j - ring of protection from cold
MPRegen  0.07/turn              D - ring of fire

@: marked, corroded, non-regenerating
A: damage resistance, heal wounds, sense surroundings 2, no regeneration
a: Heal Wounds


You were on level 7 of the Dungeon.
You were not hungry.

You visited 2 branches of the dungeon, and saw 8 of its levels.

You collected 171 gold pieces.

Inventory:

Hand Weapons
 t - a +1 hand axe of freezing (weapon)
Armour
 b - a +0 scale mail (worn)
 c - a +0 shield
 r - a +0 cloak (worn)
 A - a +2 large shield (worn)
 C - a scarf of repulsion
Jewellery
 j - a ring of protection from cold (left hand)
 p - a +4 amulet of reflection (around neck)
 s - an uncursed amulet of the acrobat {unknown}
 y - an uncursed amulet of magic regeneration {unknown}
 D - a ring of fire (right hand)
Wands
 a - a wand of random effects (15)
 v - a wand of digging (9)
 E - a wand of enslavement (10)
Scrolls
 d - a scroll of amnesia {unknown}
 e - a scroll of remove curse {unknown}
 g - 6 scrolls of identify {unknown}
 n - a scroll of fear {unknown}
 u - a scroll of magic mapping {unknown}
 x - 2 scrolls of teleportation {unknown}
 z - a scroll of immolation {unknown}
 B - a scroll of enchant weapon {unknown}
Potions
 h - a potion of haste {unknown}
 i - 2 potions of brilliance {unknown}
 k - a potion of degeneration {unknown}
 l - 5 potions of curing {unknown}
 m - 2 potions of flight {unknown}
 o - 2 potions of magic {unknown}
 q - a potion of ambrosia {unknown}
 w - 3 potions of invisibility {unknown}
Comestibles
 f - 13 rations


   Skills:
 - Level 5.0 Fighting
 - Level 10.0 Axes
 + Level 8.0 Armour
 - Level 6.0 Shields


You had 8 spell levels left.
You didn't know any spells.
Your spell library contained the following spells:

 Spells                   Type           Power        Failure   Level  Hunger
 Animate Skeleton         Necr           N/A          100%        1    ##.....
 Apportation              Tloc           #.....       100%        1    ##.....
 Confusing Touch          Hex            #.....       100%        1    ##.....
 Summon Small Mammal      Summ           #...         100%        1    ##.....


Dungeon Overview and Level Annotations

Branches:
Dungeon (7/15)             Temple (1/1) D:5

Altars:
Ashenzari
Cheibriados
Elyvilon
Fedhas
Gozag
Hepliaklqana
Kikubaaqudgha
Makhleb
Nemelex Xobeh
Qazlal
Ru
Trog
Uskayaw
Vehumet
Wu Jian
Xom
Yredelemnul
Zin
The Shining One
Lugonu

Annotations:
D:7 Harold


Innate Abilities, Weirdness & Mutations

You are resistant to damage.
You can heal yourself by infusing magical energy.
You passively map the area around you.
You do not regenerate.


Message History

Aiming: Random Effects
Press: ? - help, Shift-Dir - straight line, f - Harold
Aim: Harold, wielding a scimitar, wearing a ring mail and carrying a wand of Harold resists with almost no effort.
You hit Harold but do no damage.
Harold is heavily wounded.
You block Harold's attack.
You slash Harold! You freeze Harold.
Harold is heavily wounded.
Harold hits you with a scimitar!
You hit Harold. You freeze Harold.
Harold is severely wounded.
Harold zaps a wand.
The bolt of acid hits you!
* * * LOW HITPOINT WARNING * * *
You are splashed with acid!
The acid burns!
* * * LOW HITPOINT WARNING * * *
You slash Harold! You freeze Harold.
Harold is severely wounded.
Harold zaps a wand.
The bolt of acid hits you!
You die...

,,, , * ,
.....#..# , , ,
....#..# *
,,...#..# * ,
.....# * #....#
#....# #....######
* #####..@@......
#.(...#.####### *
* #.....#.#
#......>#
#....##.#
##########....##.#
#.......##....##.#
#.#<###.##....##.#
#.#.#
#.##....##.##


You could see Harold.

Vanquished Creatures
  The ghost of aHomestuckReader the Shield-Bearer, a novice FoFi (D:5)
  Grinder (D:3)
  Sigmund (D:2)
  A water moccasin (D:6)
  An orc warrior (D:6)
  2 sky beasts
  3 ogres
  A centaur (D:6)
  3 bullfrogs
  A howler monkey (D:6)
  4 crimson imps
  Crazy Yiuf (D:2)
  2 bullfrog zombies (D:5)
  A bullfrog skeleton (D:6)
  A hound (D:5)
  2 orc priests
  Terence (D:3)
  An iguana (D:5)
  3 orc wizards
  3 worker ants
  A killer bee zombie (D:6)
  A bullfrog simulacrum (D:5)
  A centaur simulacrum (D:5)
  A hound skeleton (D:3)
  A worker ant zombie (D:5)
  12 adders
  4 shadow imps
  A white imp (D:5)
  An ooze (D:1)
  An adder skeleton (D:4)
  2 worms
  4 dart slugs
  6 leopard geckos
  24 orcs
  9 bats
  4 giant cockroaches
  5 goblins
  6 hobgoblins
  6 jackals
  3 quokkas
  6 frilled lizards
  A jackal simulacrum (D:5)
  A jackal skeleton (D:4)
  10 kobolds
  2 quokka simulacra (D:5)
  8 rats
155 creatures vanquished.

Vanquished Creatures (others)
  2 centaurs
2 creatures vanquished.

Grand Total: 157 creatures vanquished

Notes
Turn   | Place    | Note
-------+----------+-------------------------------------------
     0 | D:1      | topirishpotato the Deep Dwarf Fighter began the quest for
                  | the Orb.
     0 | D:1      | Reached XP level 1. HP: 20/20 MP: 1/1
    45 | D:1      | Reached XP level 2. HP: 25/27 MP: 2/2
   337 | D:1      | Reached XP level 3. HP: 24/34 MP: 3/3
   508 | D:1      | Reached skill level 3 in Axes
   829 | D:2      | Reached XP level 4. HP: 18/42 MP: 4/4
   882 | D:2      | Found an ancient bone altar of Kikubaaqudgha.
  1093 | D:2      | Found a radiant altar of Vehumet.
  1182 | D:2      | Noticed Sigmund
  1202 | D:2      | Killed Sigmund
  1202 | D:2      | Reached skill level 5 in Axes
  1202 | D:2      | Reached XP level 5. HP: 25/49 MP: 5/5
  1268 | D:2      | Found a runed door.
  1424 | D:2      | Noticed Crazy Yiuf
  1431 | D:2      | Killed Crazy Yiuf
  1431 | D:2      | Reached XP level 6. HP: 43/56 MP: 6/6
  1550 | D:3      | Noticed Grinder
  1562 | D:3      | Paralysed by Grinder for 7 turns
  1589 | D:3      | Killed Grinder
  1589 | D:3      | Reached skill level 6 in Axes
  1589 | D:3      | Reached skill level 5 in Shields
  1796 | D:3      | Reached XP level 7. HP: 45/62 MP: 6/6
  1959 | D:3      | Found a glowing silver altar of Zin.
  1959 | D:3      | Found a burning altar of Makhleb.
  1959 | D:3      | Found a stormy altar of Qazlal.
  2169 | D:3      | Noticed Terence
  2175 | D:3      | Killed Terence
  2998 | D:5      | Entered Level 5 of the Dungeon
  3026 | D:5      | Reached skill level 5 in Armour
  3121 | D:5      | Found a shimmering altar of Xom.
  3145 | D:5      | Found a blossoming altar of Fedhas.
  3181 | D:5      | Reached XP level 8. HP: 27/72 MP: 6/6
  3624 | D:5      | Noticed aHomestuckReader's ghost (novice FoFi)
  3644 | D:5      | Reached skill level 5 in Fighting
  3666 | D:5      | Found a runed gate.
  3666 | D:5      | Found a runed gate.
  3666 | D:5      | Found a runed gate.
  3800 | D:5      | Reached skill level 7 in Axes
  4006 | D:5      | Found a staircase to the Ecumenical Temple.
  4064 | Temple   | Entered the Ecumenical Temple
  4439 | D:5      | Killed aHomestuckReader's ghost
  4439 | D:5      | Reached skill level 8 in Axes
  4629 | D:6      | Gained mutation: You passively map the area around you.
                  | [Deep Dwarf growth]
  4629 | D:6      | Reached XP level 9. HP: 53/81 MP: 5/5
  4644 | D:6      | Found a sparkling altar of Nemelex Xobeh.
  4714 | D:6      | Reached skill level 9 in Axes
  4967 | D:6      | Found a shattered altar of Ashenzari.
  5136 | D:6      | Found a snail-covered altar of Cheibriados.
  5190 | D:6      | Found a hazy altar of Hepliaklqana.
  5349 | D:6      | Reached skill level 10 in Axes
  5518 | D:7      | Noticed Harold
  5549 | D:7      | HP: 2/81 [acid (14)]
  5550 | D:7      | Killed from afar by Harold

Skill      XL: |  1  2  3  4  5  6  7  8  9 |
---------------+----------------------------+-----
Fighting       | 3 4 5 |  5.0
Axes           | 3 5 6 8 10 | 10.0
Shields        | 4 5 6 |  6.0
Armour         | 4 5 7 8 |  8.0

Action                   |  1- 3 |  4- 6 |  7- 9 || total
-------------------------+-------+-------+-------++-------
Melee: War axe           |    95 |   132 |    39 ||   266
       Hand axe          |       |       |   468 ||   468
 Abil: Heal Wounds       |       |     3 |    14 ||    17
Evoke: Wand              |       |       |     1 ||     1
  Use: Potion            |       |     1 |     2 ||     3
  Eat: Chunk             |       |     1 |    12 ||    13
       Ration            |       |     1 |       ||     1
Armor: Scale mail        |    52 |    53 |   105 ||   210
Dodge: Dodged            |    28 |    31 |    49 ||   108
Block: Shield            |    50 |    95 |   126 ||   271
       Reflection        |       |     4 |     7 ||    11
       Large shield      |       |       |   208 ||   208
